 Dungeon Crawl Stone Soup version 0.27.1-33-g824d729ab1 (webtiles) character file.

Game seed: 12212789162224877017

44 Aksej the Skirmisher (level 3, -1/29 HPs)
             Began as a Demonspawn Monk on Nov 28, 2021.
             Slain by Crazy Yiuf (13 damage)
             ... on level 2 of the Dungeon.
             The game lasted 00:02:57 (1098 turns).

Aksej the Skirmisher (Demonspawn Monk)              Turns: 1098, Time: 00:02:57

Health: -1/29      AC:  2    Str: 11    XL:     3   Next: 41%
Magic:  3/3        EV: 13    Int: 11    God:
Gold:   40         SH:  0    Dex: 16    Spells: 2/2 levels left

rFire    . . .     SeeInvis .   a - +0 falchion
rCold    . . .     Faith    .   (no shield)
rNeg     . . .     Spirit   .   b - +0 robe
rPois    .         Reflect  .   (no helmet)
rElec    .         Harm     .   (no cloak)
rCorr    .         Rampage  .   (no gloves)
Will     .....                  (no boots)
Stlth    ++........             d - amulet of the acrobat
HPRegen  0.09/turn              (no ring)
MPRegen  0.16/turn              (no ring)

@: no status effects
A: magic regeneration, demonic magic 1
a: no special abilities


You were on level 2 of the Dungeon.
You visited 1 branch of the dungeon, and saw 2 of its levels.

You collected 40 gold pieces.

Inventory:

Hand Weapons
 a - a +0 falchion (weapon)
Armour
 b - a +0 robe (worn)
Jewellery
 d - an amulet of the acrobat (around neck)
 g - a ring of wizardry
Potions
 c - 2 potions of brilliance {unknown}
 e - a potion of curing {unknown}
 f - a potion of flight {unknown}


   Skills:
 + Level 3.3 Fighting
 + Level 3.2 Long Blades
 + Level 3.2 Dodging
 + Level 2.0 Stealth


You had 2 spell levels left.
You didn't know any spells.
Your spell library contained the following spells:

 Spells                   Type           Power      Damage    Failure   Level
 Blink                    Tloc           N/A        N/A       47%         2
 Lesser Beckoning         Tloc           0%         N/A       71%         3
 Manifold Assault         Tloc           0%         N/A       100%        5


Dungeon Overview and Level Annotations

Branches:
Dungeon (2/15)

Altars:

Annotations:
D:2 Crazy Yiuf


Innate Abilities, Weirdness & Mutations

You regenerate magic rapidly.
Spells you cast may paralyse adjacent enemies.


Message History

The jackal bites you but does no damage.
You hit the jackal.
You kill the jackal!
Things that are here:
a jackal corpse; a jackal corpse; a jackal corpse
g - a ring of wizardry
c - 2 fizzy dark potions (gained 1)
Found a leather armour.
A goblin comes into view. It is wielding a +0 dagger.
You catch the helpless ball python completely off-guard!
You hit the ball python.
You kill the ball python!
The goblin shouts!
You hit the goblin but do no damage. The goblin closely misses you.
You hit the goblin.
The goblin is moderately wounded.
The goblin hits you with a +0 dagger.
You hit the goblin.
You kill the goblin!
Things that are here:
a +0 dagger; a goblin corpse
Found a mace.
Found a runed translucent door.
Crazy Yiuf shouts!
Okay, then.
You open the door. You hit Crazy Yiuf.
Crazy Yiuf is lightly wounded.
Crazy Yiuf hits you with a +3 quarterstaff of chaos.
You closely miss Crazy Yiuf.
Crazy Yiuf is lightly wounded.
Crazy Yiuf cries, "You leg down broken song, no?"
Crazy Yiuf barely misses you.
You hit Crazy Yiuf.
Crazy Yiuf is moderately wounded.
Crazy Yiuf hits you with a +3 quarterstaff of chaos!
Crazy Yiuf freezes you.
You hit Crazy Yiuf.
Crazy Yiuf is heavily wounded.
Crazy Yiuf hits you with a +3 quarterstaff of chaos!
You die...

#.)......
#...##...
#...#+...
#...##...
#...##...
#.#...... ###
♣♣##..#####.
#)..#♣♣ ♣♣.....#
#.
#...g@♣♣♣♣......#
##
#...#♣..♣......##
### ♣♣♣.♣.....#
♣♣♣♣♣##.# #.# #.#
#.. . .# .


You could see Crazy Yiuf.

Vanquished Creatures
  A gnoll (D:1)
  2 giant cockroaches
  8 goblins
  3 hobgoblins (D:1)
  4 jackals (D:2)
  5 ball pythons
  A frilled lizard (D:1)
  4 kobolds
  3 rats (D:1)
31 creatures vanquished.

Notes
Turn   | Place    | Note
-------+----------+-------------------------------------------
     0 | D:1      | Aksej the Demonspawn Monk began the quest for the Orb.
     0 | D:1      | Reached XP level 1. HP: 18/18 MP: 1/1
   124 | D:1      | Gained mutation: Spells you cast may paralyse adjacent
                  | enemies. [demonic ancestry]
   124 | D:1      | Reached XP level 2. HP: 20/24 MP: 2/2
   178 | D:1      | Found a faded altar of an unknown god.
   439 | D:1      | Gained mutation: You regenerate magic rapidly. [demonic
                  | ancestry]
   439 | D:1      | Reached XP level 3. HP: 11/29 MP: 3/3
  1089 | D:2      | Found a runed translucent door.
  1090 | D:2      | Noticed Crazy Yiuf
  1098 | D:2      | Slain by Crazy Yiuf

Illustrated notes

Levels and vault maps discovered:
D:1:      dpeg_arrival_erosion, layout_rooms,
          shapermc_ecumenical_altar_mp_urbaneastern, minmay_pentomino_r2
D:2:      layout_basic, minmay_split_cup_large, uniq_robin,
          uniq_crazy_yiuf_cottage, uniq_jessica

Skill      XL: |  1  2 |
---------------+-------+-----
Stealth        | 2 |  2.0
Long Blades    | 3 |  3.2
Dodging        | 3 |  3.2
Fighting       | |  3.3

Action                   || total
-------------------------++-------
Melee: Falchion          ||    80
  Use: Scroll            ||     1
 Stab: Sleeping          ||     2
       Distracted        ||     1
Armor: Robe              ||    14
Dodge: Dodged            ||    63
       Rpst.: Falchion   ||    21
